 Dungeon Crawl Stone Soup version 0.30-a0-634-g8abc85282e (webtiles) character file.

Game seed: 13074332816793061631

39 kae the Insei (level 3, -5/26 HPs)
             Began as a Demonspawn Transmuter on Jan 14, 2023.
             Slain by Crazy Yiuf
             ... wielding a +2 quarterstaff of chaos
              (14 damage)
             ... on level 2 of the Dungeon.
             The game lasted 00:01:52 (2003 turns).

kae the Insei (Demonspawn Transmuter)               Turns: 2003, Time: 00:01:53

Health: -5/26      AC:  6    Str: 10    XL:     3   Next: 26%
Magic:  3/6        EV: 19    Int: 16    God:
Gold:   210        SH:  5    Dex: 18    Spells: 0/6 levels left

rFire   . . .      SeeInvis .      - Unarmed
rCold   . . .      Faith    .    (shield currently unavailable)
rNeg    . . .      Spirit   .    (body armour currently unavailable)
rPois   x          Reflect  +    (helmet currently unavailable)
rElec   .          Harm     .    (cloak currently unavailable)
rCorr   .          Rampage  .    (gloves currently unavailable)
Will    .....                    (boots currently unavailable)
Stlth   ++                       i - amulet of reflection
HPRegen 0.24/turn                O - +4 ring of protection
MPRegen 0.10/turn                (no ring)

@: lethally poisoned (-5 -> -9), spider-form (expiring)
A: venomous fangs, tiny, powered by pain 1
a: End Transformation


You were on level 2 of the Dungeon.
You were a venomous arachnid creature.
You visited 1 branch of the dungeon, and saw 3 of its levels.

You collected 210 gold pieces.


Innate Abilities, Weirdness & Mutations

You are a venomous arachnid creature.
You have venomous fangs.
You are tiny and dextrous.
Your spellcasting is less reliable in this form.
Your armour is entirely melded.
You are incapable of wielding weapons or throwing items.
You sometimes gain a little power by taking damage.


   Skills:
 - Level 1.0 Fighting
 - Level 1.7 Dodging
 + Level 3.0 Unarmed Combat
 + Level 2.4 Spellcasting
 * Level 2.7 Transmutations
 * Level 0.0 Ice Magic
 * Level 0.0 Poison Magic


You couldn't memorise any spells.
You knew the following spells:

 Your Spells              Type           Power      Damage    Failure   Level
a - Beastly Appendage     Tmut           20%        N/A       17%         1
b - Wereblood             Tmut           10%        N/A       24%         2
c - Spider Form           Tmut/Pois      6%         N/A       54%         3

Your spell library contained the following spells:

 Spells                   Type           Power      Damage    Failure   Level
 Ice Form                 Ice/Tmut       6%         N/A       89%         4

Inventory:

Missiles
 d - 13 stones
Armour
 a - a +0 robe (melded)
Magical Staves
 j - a staff of cold {!a}
   (You found it on level 3 of the Dungeon)
Jewellery
 i - an amulet of reflection (around neck)
   (You found it on level 2 of the Dungeon)
 F - a ring of protection from fire
   (You found it on level 3 of the Dungeon)
 O - a +4 ring of protection (left front pincers)
   (You found it on level 1 of the Dungeon)
 T - an amulet of faith {!P}
   (You found it on level 2 of the Dungeon)
Scrolls
 e - a scroll of torment {!r}
 f - 3 scrolls of identify {@r1}
Potions
 b - a potion of lignification {!q}
 c - a potion of haste {@q3}
 g - 2 potions of berserk rage {!q}
 h - a potion of might
 k - a potion of heal wounds {unknown}

Dungeon Overview and Level Annotations

Branches:
Dungeon (3/15) Zot: 16001

Altars:

Shops:
D:2 (

Annotations:
D:2 Crazy Yiuf

.....#....#
#.....###....##
<....#.#### #..####
###..# ...#...## #.##
#..# ...#....# ###
###..#### ####....#
#.......# #.#.##
#######.## #.#..##♣♣
### #.## ##.#.....♣♣
♣♣#..)# #.##
#..#......♣♣♣♣sg...#
#.##
##.###......♣..♣#...#
#.## #..# ##....♣.♣♣♣
### #.## ##..#
#.##♣♣♣♣♣ #.##
....###.# #.##
##.###..##########
#.##
##.###.#.#...#...##
#.##
#.#...#...####...#
##.##
#.#.###..######..#
#....


You could see Crazy Yiuf (extremely poisoned).


Message History

Casting: Beastly Appendage (safe; 7% risk of failure)
Confirm with . or Enter, or press ? or * to list all spells.
You grow a pair of large bovine horns.
Your feet morph into talons. 😎 MP[-1]
You lost 1 mp, and now have 5/6 mp.
You hit the endoplasm. You claw the endoplasm.
You kill the endoplasm!
No target in view!
You now have 177 gold pieces (gained 6).
Your transformation is almost over.
Your horns disappear.
Your talons disappear.
Key pressed, stopping explore.
You see here a +0 dagger.
You see here a +0 leather armour.
Key pressed, stopping explore.
Crazy Yiuf shouts!
Crazy Yiuf yells, "Whippet!"
There is a stone staircase leading up here.
Key pressed, stopping explore.
A goblin comes into view. It is wielding a +0 dagger.
Found 17 gold pieces.
Found an escape hatch in the floor.
Found a stone staircase leading down. 😎 MP[+1]
Your mp is fully restored (6).
A goblin is nearby!
A goblin is nearby!
A goblin is nearby!
Casting: Beastly Appendage (safe; 7% risk of failure)
Confirm with . or Enter, or press ? or * to list all spells.
You grow a pair of large bovine horns.
Your feet morph into talons.
The goblin shouts!
The goblin hits you but does no damage. You block the goblin's attack. 😎 MP[-1]
You lost 1 mp, and now have 5/6 mp.
You hit the goblin.
You kill the goblin!
No target in view!
Things that are here:
a +0 dagger; a goblin corpse You now have 194 gold pieces (gained 17).
Your transformation is almost over.
You now have 210 gold pieces (gained 16).
Your horns disappear.
Your talons disappear.
Things that are here:
a +0 dagger; a goblin corpse As you open the gate, it creaks loudly! 😎 MP[+1]
Your mp is fully restored (6).
There is an open gate here.
There is an open gate here.
You see here a +0 leather armour.
Crazy Yiuf shouts!
Could not explore, unopened runed door.
Could not explore, unopened runed door.
Could not explore, unopened runed door.
Casting: Beastly Appendage (safe; 6% risk of failure)
Confirm with . or Enter, or press ? or * to list all spells.
The spell is extremely dangerous to miscast (32% risk of failure)!
Continue anyway? [Y]es or [N]o only, please.
The spell is extremely dangerous to miscast (32% risk of failure)!
Continue anyway?
You turn into a venomous arachnid creature.
Your +0 robe melds into your body. 😎 MP[-3]
You lost 3 mp, and now have 3/6 mp.
You open the door. You barely miss Crazy Yiuf.
Crazy Yiuf hits you with a +2 quarterstaff of chaos.
You are poisoned. 😕 HP[-2]
You take 2 damage, and now have 24/26 hp.
You hit Crazy Yiuf.
Crazy Yiuf is poisoned.
You feel very sick.
Crazy Yiuf hits you with a +2 quarterstaff of chaos.
Crazy Yiuf freezes you. 😮 HP[-7]
You take 7 damage, and now have 17/26 hp.
MASSIVE DAMAGE!! (PAUSE)
You hit Crazy Yiuf.
Crazy Yiuf looks as sick as possible!
You feel very sick. You block Crazy Yiuf's attack. 😮 HP[-3]
You take 3 damage, and now have 14/26 hp.
You hit Crazy Yiuf.
Crazy Yiuf looks as sick as possible!
You feel sick.
Crazy Yiuf hits you with a +2 quarterstaff of chaos.
* * * LOW HITPOINT WARNING * * *
😨 HP[-2]
You take 2 damage, and now have 12/26 hp.
Unknown command.
You hit Crazy Yiuf but do no damage.
Crazy Yiuf looks as sick as possible!
You feel sick.
Crazy Yiuf completely misses you. 😨 HP[-1]
You take 1 damage, and now have 11/26 hp.
You hit Crazy Yiuf but do no damage.
Crazy Yiuf looks as sick as possible!
Your transformation is almost over.
You feel sick.
Crazy Yiuf laughs, "Hah sing-song King!"
Crazy Yiuf hits you with a +2 quarterstaff of chaos!
Ouch! That really hurt!
You die...

Skill      XL: |  1  2 |
---------------+-------+-----
Transmutations | 2 |  2.7
Unarmed Combat | 3 |  3.0
Fighting       | |  1.0
Dodging        | |  1.7
Spellcasting   | |  2.4

Action                   || total
-------------------------++-------
Melee: Unarmed           ||    87
       Kick              ||    15
       Headbutt          ||    10
 Cast: Beastly Appendage ||    24
       Spider Form       ||     1
  Use: Scroll            ||     5
Armor: Robe              ||    23
Dodge: Dodged            ||    58
Block: Other             ||     7

Levels and vault maps discovered:
D:1:      giann_forest_graveyard, layout_loops_ring, minmay_tree_intersection,
          nicolae_kite_square_tiling_tiny
D:2:      layout_rooms, serial_shops, shop, kennysheep_cross_bottleneck,
          uniq_crazy_yiuf_cottage
D:3:      layout_basic, minitemple, ebering_ecumenical_altar_hall

Notes
Turn   | Place    | Note
-------+----------+-------------------------------------------
     0 | D:1      | kae the Demonspawn Transmuter began the quest for the Orb.
     0 | D:1      | Reached XP level 1. HP: 15/15 MP: 3/3
     0 | D:1      | magus.rc [v1.11.3]
   167 | D:1      | Reached skill level 2 in Transmutations
   241 | D:1      | Gained mutation: You sometimes gain a little power by
                  | taking damage. [demonic ancestry]
   241 | D:1      | Reached XP level 2. HP: 21/21 MP: 3/5
   815 | D:1      | Reached skill level 3 in Unarmed Combat
  1133 | D:2      | Reached XP level 3. HP: 26/26 MP: 4/6
  1610 | D:2      | Found Dybbos's Antique Weapon Boutique.
  1615 | D:2      | Learned a level 2 spell: Wereblood
  1627 | D:2      | Learned a level 3 spell: Spider Form
  1816 | D:2      | Found a runed translucent door.
  1817 | D:2      | Noticed Crazy Yiuf
  2003 | D:2      | Slain by Crazy Yiuf

Vanquished Creatures
  2 dart slugs (D:1)
  5 ball pythons
  3 bats (D:1)
  4 endoplasms
  2 giant cockroaches
  5 goblins
  A hobgoblin (D:2)
  2 quokkas
  3 kobolds (D:1)
  6 rats
33 creatures vanquished.

Table legend:
 A = Non-vault XP
 B = Vault XP
 C = Vault XP percentage of total XP
 D = Non-vault monster count
 E = Vault monster count
 F = Vault count percentage of total count
                 A         B        C        D         E       F
            +---------+---------+-------+---------+---------+-------
      Total |      56 |       0 |   0.0 |      33 |       0 |   0.0
            +---------+---------+-------+---------+---------+-------
        D:1 |      36 |       0 |   0.0 |      20 |       0 |   0.0
        D:2 |      17 |       0 |   0.0 |      11 |       0 |   0.0
        D:3 |       3 |       0 |   0.0 |       2 |       0 |   0.0
            +---------+---------+-------+---------+---------+-------

Illustrated notes

Table legend:
 A = Kills in this place as a percentage of kills in entire the game.
 B = Kills by you in this place as a percentage of kills by you in the entire game.
 C = Kills by friends in this place as a percentage of kills by friends in the entire game.
 D = Other kills in this place as a percentage of other kills in the entire game.
 E = Experience gained in this place as a percentage of experience gained in the entire game.
 F = Experience gained in this place divided by the number of levels of this place that you have seen.
                   A       B       C       D       E      F
               +-------+-------+-------+-------+-------+----------------------
         Total | 100.0 | 100.0 |   N/A |   N/A | 100.0 |  18.7
       Dungeon | 100.0 | 100.0 |   N/A |   N/A | 100.0 |  18.7
               +-------+-------+-------+-------+-------+----------------------

Table legend: (Time is in decaauts)
 A = Elapsed time spent in this place.
 B = Non-inter-level travel time spent in this place.
 C = Inter-level travel time spent in this place.
 D = Time resting spent in this place.
 E = Time spent auto-exploring this place.
 F = Levels seen in this place.
 G = Mean time per level.
                   A        B        C        D        E       F      G
               +--------+--------+--------+--------+--------+-----+--------+
         Total |   1997 |   1933 |     64 |      0 |   1678 |   3 |  665.7 |
       Dungeon |   1997 |   1933 |     64 |      0 |   1678 |   3 |  665.7 |
               +--------+--------+--------+--------+--------+-----+--------+

Top non-repeatable levels by time:
     D:1: 1004 daAuts
     D:2: 593 daAuts
     D:3: 399 daAuts
